AoeStats
← Hector

Arena

507831177Analyzed
4v4 RM · 12d ago on Sep 19, 2026· 34m 16s· 8 players
Game mode
Random Map
Map size
Large (8 player)
Population
200
Speed
Normal
Resources
Standard
Victory
Conquest
Starting age
Dark Age
Ending age
Imperial Age
RankedLock teamsTeams togetherTeam positionsShared explorationLock speedFull tech treeHidden civsTurbo modeCheats
Victory
Defeat
🇵🇪 Chinese · Peru
1409
+16
🇲🇽 Khmer · Mexico
1407
+16
🇵🇪 Teutons · Peru
1398
+17
🇨🇴 Hindustanis · Colombia
1375
+17
🇦🇹 Slavs · Austria
1425
-17
🇨🇳 Cumans · China
1422
-17
🇹🇷 Italians · Türkiye
1421
-17
🇨🇳 Hindustanis · China
1373
-15
JAGR | Rojnar
6:09 Loom
8:55 Feudal Age
9:21 Town Watch
15:22 Fletching
23:47 Double-Bit Axe
26:15 Castle Age
24:24 Gold Mining
29:00 Guard Tower
29:43 Masonry
30:14 Bodkin Arrow
31:34 Horse Collar
32:58 Bow Saw
33:11 Heavy Plow
botas.el.gato
10:43 Feudal Age
14:21 Castle Age
12:39 Double-Bit Axe
13:50 Horse Collar
16:24 Bow Saw
22:01 Scale Barding Armor
22:28 Bloodlines
24:07 Chain Barding Armor
24:37 Wheelbarrow
23:51 Town Watch
24:19 Husbandry
24:34 Heavy Plow
24:49 Loom
25:31 Forging
26:35 Hand Cart
27:23 Iron Casting
31:50 Imperial Age
30:25 Gold Mining
30:26 Stone Mining
32:07 Tusk Swords
32:17 Elite Battle Elephant
33:28 Ballistics
34:23 Conscription
33:57 Fletching
Angel_LeAr
10:18 Feudal Age
14:37 Castle Age
12:48 Horse Collar
13:44 Double-Bit Axe
15:38 Bow Saw
20:02 Wheelbarrow
22:42 Gold Mining
22:59 Scale Barding Armor
23:05 Forging
24:58 Hand Cart
24:55 Scale Barding Armor
25:00 Forging
25:16 Bloodlines
25:07 Husbandry
28:40 Imperial Age
26:11 Loom
26:37 Town Watch
27:14 Chain Barding Armor
27:30 Iron Casting
27:51 Heavy Plow
30:27 Chemistry
30:08 Plate Barding Armor
29:08 Heavy Camel Rider
33:25 Blast Furnace
34:16 Two-Man Saw
33:30 Light Cavalry
aq.gjoel
0:32 Loom
11:01 Feudal Age
15:17 Castle Age
15:42 Fletching
20:05 Bodkin Arrow
23:15 Town Watch
24:38 Double-Bit Axe
31:03 Bow Saw
31:06 Squires
33:57 Imperial Age
32:30 Gold Mining
其色孤白
10:47 Feudal Age
11:53 Town Watch
14:23 Castle Age
12:27 Double-Bit Axe
12:57 Horse Collar
15:29 Bow Saw
17:57 Wheelbarrow
21:49 Hand Cart
21:24 Loom
22:25 Heavy Plow
27:59 Imperial Age
25:42 Gold Mining
26:09 Scale Barding Armor
26:14 Forging
26:09 Scale Barding Armor
26:21 Forging
27:19 Stone Mining
28:06 Gold Shaft Mining
28:00 Chain Barding Armor
28:10 Bloodlines
28:10 Grand Trunk Road
28:22 Husbandry
28:12 Heavy Camel Rider
30:50 Plate Barding Armor
30:56 Iron Casting
30:01 Imperial Camel Rider
31:53 Conscription
32:10 Town Watch
33:21 Town Patrol
33:23 Caravan
33:56 Coinage
34:27 Blast Furnace
Hector
10:38 Feudal Age
14:17 Castle Age
12:20 Double-Bit Axe
12:45 Horse Collar
16:01 Bow Saw
17:04 Loom
31:09 Scale Mail Armor
30:31 Pikeman
32:43 Heavy Plow
33:25 Squires
V我50%匡扶汉室
8:45 Feudal Age
9:45 Loom
10:44 Double-Bit Axe
16:05 Wheelbarrow
20:53 Castle Age
19:03 Horse Collar
21:27 Bloodlines
21:26 Scale Barding Armor
21:32 Forging
28:08 Gold Mining
28:08 Stone Mining
29:26 Hand Cart
29:57 Chain Barding Armor
30:13 Iron Casting
30:31 Gold Shaft Mining
32:56 Imperial Age
30:45 Bow Saw
32:42 Murder Holes
Sem
4:45 Loom
11:19 Feudal Age
17:16 Castle Age
16:13 Fletching
29:17 Double-Bit Axe
29:15 Horse Collar
31:01 Bodkin Arrow
Connection lost

Rejoining the realm…

Still unreachable

The connection could not be restored.

Session expired

The server has moved on; the page needs a fresh start.